 Dungeon Crawl Stone Soup version 0.30-a0-782-ge64f9170bb (webtiles) character file.

Game seed: 10666269713958172135

544 IndexError the Shooter (level 7, 0/44 HPs)
             Began as a Gargoyle Hunter on Mar 1, 2023.
             Was a Believer of Nemelex Xobeh.
             Hit by a stone thrown by a kobold (1 damage)
             ... in a sewer.
             The game lasted 00:07:42 (3047 turns).

IndexError the Shooter (Gargoyle Hunter)            Turns: 3047, Time: 00:07:43

Health: 0/44       AC:  8    Str: 15    XL:     7   Next: 27%
Magic:  7/7        EV: 11    Int:  9    God:    Nemelex Xobeh [**....]
Gold:   161        SH:  0    Dex: 15    Spells: 6/6 levels left

rFire   + . .      SeeInvis .    a - +0 shortbow
rCold   . . .      Faith    .    (shield currently unavailable)
rNeg    + . .      Spirit   .    c - +0 leather armour
rPois   ∞          Reflect  .    (no helmet)
rElec   +          Harm     .    (no cloak)
rCorr   .          Rampage  .    s - +0 pair of gloves
Will    .....                    (no boots)
Stlth   ++                       (no amulet)
HPRegen 0.27/turn                v - ring of protection from fire {rF+, !d}
MPRegen 0.10/turn                (no ring)

@: no status effects
A: sickness immunity, AC +4, negative energy resistance 1, electricity
resistance, torment resistance 1, petrification resistance
a: Renounce Religion, Draw Escape, Draw Destruction, Draw Summoning


You were in a sewer.
You worshipped Nemelex Xobeh.
Nemelex Xobeh was pleased with you.
You visited 1 branch of the dungeon, and saw 4 of its levels.
You also visited: Sewer.

You collected 161 gold pieces.

Inventory:

Hand Weapons
 a - a +0 shortbow (weapon)
 t - the +1 dagger of Internal Strife {drain, rPois Dex+6}
   (You found it on level 3 of the Dungeon)

   Dex:       It affects your dexterity (+6).
   rPois:     It protects you from poison.
Missiles
 d - a throwing net {=f, !d}
 E - a curare-tipped dart
Armour
 c - a +0 leather armour (worn)
 m - a +0 chain mail
   (You found it on level 1 of the Dungeon)
 n - a +0 robe
   (You found it on level 2 of the Dungeon)
 q - a +0 robe
   (You took it off Jessica on level 2 of the Dungeon)
 s - a +0 pair of gloves (worn)
   (You found it on level 2 of the Dungeon)
 w - a +0 ring mail
   (You found it on level 3 of the Dungeon)
 x - a +0 robe
   (You found it on level 3 of the Dungeon)
 C - a +0 pair of boots
   (You found it on level 3 of the Dungeon)
Jewellery
 v - a ring of protection from fire (left hand) {rF+, !d}
   (You found it on level 3 of the Dungeon)
 y - a ring of fire {rF+, rC-}
   (You found it on level 3 of the Dungeon)
Wands
 u - a wand of quicksilver (12)
   (You found it on level 3 of the Dungeon)
Scrolls
 b - 2 scrolls of immolation {!r}
 e - 2 scrolls of blinking {unknown}
 f - a scroll of magic mapping {unknown}
 h - 10 scrolls of teleportation {unknown}
 j - 5 scrolls of identify {unknown}
 k - a scroll of fog {unknown}
 o - 2 scrolls of noise {unknown}
 p - 2 scrolls of poison {unknown}
Potions
 g - 2 potions of magic {unknown}
 i - 2 potions of lignification {unknown}
 l - a potion of might {unknown}
 r - 2 potions of haste {unknown}
 z - 5 potions of flight {unknown}
 A - a potion of attraction {unknown}
 B - a potion of curing {unknown}
 D - 3 potions of mutation {unknown}
 F - 4 potions of invisibility {unknown}


   Skills:
 + Level 5.1 Fighting
 * Level 7.4 Ranged Weapons
 - Level 1.5 Dodging
 - Level 1.1 Stealth


You had 6 spell levels left.
You didn't know any spells.
Your spell library contained the following spells:

 Spells                   Type           Power      Damage    Failure   Level
 Frozen Ramparts          Ice            0%         1d1       83%         3
 Hailstorm                Conj/Ice       0%         3d3       83%         3
 Stone Arrow              Conj/Erth      0%         3d7       83%         3
 Animate Armour           Summ/Erth      0%         N/A       99%         4
 Lehudib's Crystal Spear  Conj/Erth      0%         10d2      100%        8


Dungeon Overview and Level Annotations

Branches:
Dungeon (4/15)              Sewer (1/1)
 Temple: D:4-7

Altars:
Nemelex Xobeh

Annotations:
D:3 Sigmund


Innate Abilities, Weirdness & Mutations

You are immune to sickness and miasma.
Your stone body is resilient. (AC +4)
You are immune to poison.
You resist negative energy. (rN+)
You are resistant to electric shocks. (rElec)
You are resistant to unholy torment.
You are immune to petrification.


Message History

The kobold barely misses you. x2
You shoot an arrow.
The arrow hits the kobold brigand but does no damage.
The kobold brigand hits you with a +0 dagger.
The kobold hits you but does no damage. x2
You shoot an arrow. The arrow hits the kobold brigand.
The kobold brigand barely misses you. The kobold hits you with a +0 club.
The kobold closely misses you.
You shoot an arrow. The arrow hits the kobold brigand.
The kobold brigand barely misses you. The kobold hits you but does no damage.
The kobold misses you.
You shoot an arrow.
The arrow barely misses the kobold brigand.
The kobold brigand hits you with a +0 dagger.
The kobold hits you but does no damage. x2
You shoot an arrow. The arrow hits the kobold brigand.
The kobold brigand hits you with a +0 dagger.
The kobold barely misses you. The kobold hits you but does no damage.
The kobold brigand closely misses you. The kobold hits you but does no damage.
The kobold barely misses you.
You are too injured to fight recklessly!
You are too injured to fight recklessly!
You are too injured to fight recklessly!
You are too injured to fight recklessly!
You are too injured to fight recklessly!
You are too injured to fight recklessly!
You are too injured to fight recklessly!
You are too injured to fight recklessly!
You are too injured to fight recklessly!
You are too injured to fight recklessly!
You are too injured to fight recklessly!
You are too injured to fight recklessly!
You are too injured to fight recklessly!
You are too injured to fight recklessly!
You take 19 damage, and have 25/44 hp.
MASSIVE DAMAGE!!
You are too injured to fight recklessly!
You are too injured to fight recklessly!
You are too injured to fight recklessly!
You are too injured to fight recklessly!
You are too injured to fight recklessly!
You are too injured to fight recklessly!
You are too injured to fight recklessly!
You are too injured to fight recklessly!
You are too injured to fight recklessly!
You are too injured to fight recklessly!
You are too injured to fight recklessly!
You are too injured to fight recklessly!
You are too injured to fight recklessly!
You are too injured to fight recklessly!
You are too injured to fight recklessly!
You are too injured to fight recklessly!
The kobold brigand closely misses you. The kobold closely misses you.
The kobold attacks as you move away! The kobold closely misses you.
The kobold attacks as you move away! The kobold hits you with a +0 club.
You take 1 damage, and have 24/44 hp.
The kobold brigand attacks as you move away!
The kobold brigand hits you with a +0 dagger.
You take 3 damage, and have 21/44 hp.
You shoot an arrow. The arrow hits the kobold brigand!
The kobold brigand hits you with a +0 dagger.
The kobold hits you with a +0 club.
The kobold hits you with a +0 short sword.
You take 6 damage, and have 15/44 hp.
You shoot an arrow.
The arrow barely misses the kobold brigand.
The arrow hits the kobold!
The kobold brigand hits you but does no damage.
The kobold misses you. The kobold hits you but does no damage.
You shoot an arrow. The arrow hits the kobold brigand!
The kobold brigand hits you with a +0 dagger.
* * * LOW HITPOINT WARNING * * *
You take 6 damage, and have 9/44 hp.
You shoot an arrow. The arrow hits the kobold brigand!
The kobold hits you but does no damage. The kobold misses you.
The kobold barely misses you.
Your Fighting skill increases to level 5!
The kobold closely misses you. The kobold barely misses you.
The kobold hits you but does no damage.
Things that are here:
a +0 dagger; 6 poisoned darts You shoot an arrow.
The arrow misses the kobold.
The kobold barely misses you. The kobold hits you but does no damage.
The kobold hits you with a +0 club.
* * * LOW HITPOINT WARNING * * *
The kobold hits you with a +0 club.
* * * LOW HITPOINT WARNING * * *
The kobold closely misses you. The kobold hits you but does no damage.
You shoot an arrow.
The arrow hits the kobold but does no damage.
The kobold hits you but does no damage. x2; The kobold hits you with a +0 club.
* * * LOW HITPOINT WARNING * * *
You take 7 damage, and have 3/44 hp.
You shoot an arrow. The arrow hits the kobold.
The kobold hits you but does no damage.
The kobold hits you with a +0 short sword.
* * * LOW HITPOINT WARNING * * *
You take 2 damage, and have 1/44 hp.
The kobold attacks as you move away! The kobold hits you but does no damage.
The kobold throws a stone.
The stone hits you.
You die...
Your body glows slightly and disappears.

##....≈≈≈≈~#....##
#....~~≈≈≈≈##††.#
#.....~≈≈≈≈ ##..#
..†..~~≈≈≈≈~##..##
....~≈≈≈≈≈≈≈#....#
....~~≈≈≈≈≈≈.....##
#...~~≈≈≈≈≈~~..K.K#
#....~≈≈≈≈≈~~~~)).#
#....~≈≈≈≈≈≈≈≈.†@.#
##).)~≈≈≈≈≈≈≈≈....#
###)###≈≈≈≈≈≈###)##
#..)..#≈≈≈≈≈≈ ...
#.....# ≈≈≈≈≈ .....
##...## ≈≈ ##...##
#.....# !...!
#..#..# ?.#!!
####### ### ###


You could see 2 kobolds.

Vanquished Creatures
  Menkaure (D:4)
  2 kobold brigands (Sewer)
  2 hounds (D:4)
  Jessica (D:2)
  7 adders
  4 river rats
  A dart slug (D:1)
  10 ball pythons
  8 endoplasms
  3 giant cockroaches
  2 hobgoblins
  6 jackals (D:1)
  2 quokkas
  5 bats
  4 frilled lizards
  9 goblins
  18 kobolds
  31 rats
116 creatures vanquished.

Vanquished Creatures (others)
  4 plants (D:4)
4 creatures vanquished.

Grand Total: 120 creatures vanquished

Notes
Turn   | Place    | Note
-------+----------+-------------------------------------------
     0 | D:1      | IndexError the Gargoyle Hunter began the quest for the Orb.
     0 | D:1      | Reached XP level 1. HP: 12/12 MP: 1/1
    68 | D:1      | Reached XP level 2. HP: 15/18 MP: 2/2
   226 | D:1      | Reached XP level 3. HP: 22/22 MP: 3/3
  1051 | D:2      | Noticed Jessica
  1054 | D:2      | Killed Jessica
  1055 | D:2      | Reached skill level 3 in Fighting
  1055 | D:2      | Reached skill level 5 in Ranged Weapons
  1055 | D:2      | Reached XP level 4. HP: 25/28 MP: 4/4
  1572 | D:3      | Identified the +1 dagger of Internal Strife {drain, rPois
                  | Dex+6}
  1588 | D:3      | Noticed Sigmund
  2023 | D:3      | Found a faded altar of an unknown god.
  2092 | D:3      | Prayed at the altar of an unknown god.
  2092 | D:3      | Became a worshipper of Nemelex Xobeh the Trickster
  2092 | D:3      | Reached * piety under Nemelex Xobeh
  2112 | D:3      | Got the Encyclopedia of Frostbite
  2362 | D:4      | Reached XP level 5. HP: 24/32 MP: 5/5
  2426 | D:4      | Noticed Menkaure
  2435 | D:4      | Killed Menkaure
  2436 | D:4      | Reached skill level 4 in Fighting
  2436 | D:4      | Reached skill level 6 in Ranged Weapons
  2436 | D:4      | Reached XP level 6. HP: 38/38 MP: 6/6
  2458 | D:4      | Received a gift from Nemelex Xobeh
  2499 | D:4      | Found a glowing drain.
  2566 | Sewer    | Entered a sewer
  2789 | Sewer    | Reached skill level 7 in Ranged Weapons
  2828 | Sewer    | Reached XP level 7. HP: 44/44 MP: 7/7
  2891 | Sewer    | Reached ** piety under Nemelex Xobeh
  3021 | Sewer    | Received a gift from Nemelex Xobeh
  3041 | Sewer    | HP: 9/44 [kobold brigand/+0 dagger (6)]
  3043 | Sewer    | Reached skill level 5 in Fighting
  3045 | Sewer    | HP: 3/44 [kobold/+0 club (4)]
  3046 | Sewer    | HP: 1/44 [kobold/+0 short sword (2)]
  3047 | Sewer    | Hit by a stone thrown by a kobold

Illustrated notes

Levels and vault maps discovered:
D:1:      dpeg_arrival_tiny_a, layout_basic
D:2:      layout_basic, uniq_jessica
D:3:      layout_basic, dreamdust_ecumenical_altar_angels_and_demons,
          uniq_sigmund
D:4:      layout_basic, gammafunk_ghost_mausoleum, portal_sewer_entry_c,
          serial_bayou_lagoon_a, uniq_menkaure
Sewer:    sewer_minmay_treatment

Skill      XL: |  1  2  3  4  5  6  7 |
---------------+----------------------+-----
Fighting       | 3 4 5 |  5.1
Ranged Weapons | 5 6 7 |  7.4
Dodging        | |  1.5
Stealth        | |  1.1

Action                     |  1- 3 |  4- 6 |  7- 9 || total
---------------------------+-------+-------+-------++-------
   Fire: Shortbow          |   104 |   164 |    93 ||   361
 Armour: Leather armour    |    23 |    59 |    61 ||   143
  Dodge: Dodged            |    34 |    62 |    87 ||   183

Table legend: (Time is in decaauts)
 A = Elapsed time spent in this place.
 B = Non-inter-level travel time spent in this place.
 C = Inter-level travel time spent in this place.
 D = Time resting spent in this place.
 E = Time spent auto-exploring this place.
 F = Levels seen in this place.
 G = Mean time per level.
                   A        B        C        D        E       F      G
               +--------+--------+--------+--------+--------+-----+--------+
         Total |   3149 |   2859 |    290 |      0 |   2047 |   5 |  629.8 |
       Dungeon |   2638 |   2348 |    290 |      0 |   1742 |   4 |  659.5 |
         Sewer |    511 |    511 |      0 |      0 |    305 |   1 |  511.0 |
               +--------+--------+--------+--------+--------+-----+--------+

Top non-repeatable levels by time:
     D:2: 977 daAuts
     D:3: 765 daAuts
     D:1: 621 daAuts
   Sewer: 511 daAuts
     D:4: 274 daAuts

Table legend:
 A = Kills in this place as a percentage of kills in entire the game.
 B = Kills by you in this place as a percentage of kills by you in the entire game.
 C = Kills by friends in this place as a percentage of kills by friends in the entire game.
 D = Other kills in this place as a percentage of other kills in the entire game.
 E = Experience gained in this place as a percentage of experience gained in the entire game.
 F = Experience gained in this place divided by the number of levels of this place that you have seen.
                   A       B       C       D       E      F
               +-------+-------+-------+-------+-------+----------------------
         Total | 100.0 | 100.0 |   N/A |   N/A | 100.0 | 155.6
       Dungeon |  57.8 |  57.8 |   N/A |   N/A |  57.6 | 112.0
         Sewer |  42.2 |  42.2 |   N/A |   N/A |  42.4 | 330.0
               +-------+-------+-------+-------+-------+----------------------
